 Dungeon Crawl Stone Soup version 0.29-a0-283-ga02f740833 (webtiles) character file.

Game seed: 976577829440167723

66 Anunax the Twirler (level 3, -6/30 HPs)
             Began as a Minotaur Wanderer on Mar 13, 2022.
             Engulfed by a steam dragon's steam (7 damage)
             ... on level 6 of the Dungeon.
             The game lasted 00:03:34 (1602 turns).

Anunax the Twirler (Minotaur Wanderer)              Turns: 1602, Time: 00:03:34

Health: -6/30      AC:  4    Str: 16    XL:     3   Next: 96%
Magic:  2/2        EV: 11    Int:  6    God:
Gold:   156        SH:  0    Dex: 14    Spells: 2/2 levels left

rFire   . . .      SeeInvis .   a - +2 quarterstaff
rCold   . . .      Faith    .   (shield currently unavailable)
rNeg    . . .      Spirit   .   e - +0 leather armour
rPois   .          Reflect  .   (helmet restricted)
rElec   .          Harm     .   c - +0 cloak
rCorr   .          Rampage  .   (no gloves)
Will    .....                   (no boots)
Stlth   +.........              l - amulet of the acrobat
HPRegen 0.10/turn               (no ring)
MPRegen 0.08/turn               (no ring)

@: no status effects
A: horns 2, retaliatory headbutt
a: no special abilities


You were on level 6 of the Dungeon.
You visited 1 branch of the dungeon, and saw 4 of its levels.

You collected 156 gold pieces.

Inventory:

Hand Weapons
 a - a +2 quarterstaff (weapon)
 b - a +0 spear
Armour
 c - a +0 cloak (worn)
 e - a +0 leather armour (worn)
Jewellery
 l - an amulet of the acrobat (around neck)
Scrolls
 g - a scroll of noise {unknown}
 h - 2 scrolls of identify {unknown}
 i - a scroll of enchant weapon {unknown}
 j - a scroll of silence {unknown}
 n - a scroll of torment {unknown}
 o - a scroll of acquirement {unknown}
Potions
 d - a potion of curing
 f - a potion of magic {unknown}
 k - a potion of brilliance {unknown}
 m - a potion of resistance {unknown}


   Skills:
 + Level 2.9 Fighting
 + Level 4.2(5.2) Polearms
 + Level 4.8(5.5) Staves
 + Level 1.0 Throwing
 + Level 1.6 Armour
 + Level 1.1 Dodging


You had 2 spell levels left.
You didn't know any spells.
Your spell library contained the following spells:

 Spells                   Type           Power      Damage    Failure   Level
 Frozen Ramparts          Ice            0%         1d2       88%         3
 Ice Form                 Ice/Tmut       0%         N/A       99%         4
 Summon Ice Beast         Ice/Summ       0%         N/A       99%         4


Dungeon Overview and Level Annotations

Branches:
Dungeon (3/15)

Altars:
Nemelex Xobeh

Annotations:
D:3 Dabor's ghost, amateur GrFi


Innate Abilities, Weirdness & Mutations

You have a pair of horns on your head.
You reflexively headbutt those who attack you in melee.


Message History

A goblin comes into view. It is wielding a +0 club.
The goblin shouts!
The goblin completely misses you.
You closely miss the goblin. The goblin barely misses you.
You sock the goblin!
You kill the goblin!
You see here a +0 club.
Found a leather armour.
You see here a +0 leather armour.
Found a pair of gloves.
You see here a +0 pair of gloves.
Found a stone staircase leading down.
The jackal barks!
Found 3 poisoned darts.
Dabor's ghost turns its malevolent gaze towards you.
The goblin shouts!
Found a chain mail and a short sword.
Found a stone staircase leading down.
A sourceless malevolence fills the Dungeon...
You fall into a shaft and drop 3 floors!
The shaft crumbles and collapses.
A steam dragon comes into view.
Found 5 gold pieces and a blue potion.
The steam dragon hisses angrily.
You hit the steam dragon.
The steam dragon is lightly wounded.
The steam dragon bites you! The steam dragon claws you.
You closely miss the steam dragon. Your headbutt misses the steam dragon.
The steam dragon is lightly wounded.
The steam dragon bites you!
The steam dragon claws you but does no damage.
You closely miss the steam dragon. You headbutt the steam dragon!
The steam dragon is moderately wounded.
The steam dragon breathes steam at you. The ball of steam hits you!
* * * LOW HITPOINT WARNING * * *
You hear an angry hiss.
You hit the steam dragon. You headbutt the steam dragon!
The steam dragon is almost dead.
You are engulfed in a cloud of scalding steam.
You die...

.# .#
####+##.#
#.......
#!.....#
#......#
#......#
#...D..#
#...§@.#
#.....§#
####+###


You could see a steam dragon (catching breath).

Vanquished Creatures
  2 adders (D:2)
  A worm (D:2)
  A dart slug (D:1)
  An orc (D:2)
  A bat (D:1)
  7 endoplasms
  6 goblins
  6 hobgoblins
  2 quokkas
  2 ball pythons
  A frilled lizard (D:2)
  4 kobolds
  4 rats
38 creatures vanquished.

Notes
Turn   | Place    | Note
-------+----------+-------------------------------------------
     0 | D:1      | Anunax the Minotaur Wanderer began the quest for the Orb.
     0 | D:1      | Anunax set off with the following items: a +2 quarterstaff,
                  | a +0 spear, a +0 cloak, a potion of curing, a +0 leather
                  | armour
     0 | D:1      | Reached XP level 1. HP: 18/18 MP: 0/0
   245 | D:1      | Reached XP level 2. HP: 25/25 MP: 1/1
   763 | D:2      | Reached skill level 1 in Armour
   763 | D:2      | Reached XP level 3. HP: 24/30 MP: 2/2
  1535 | D:3      | Found a sparkling altar of Nemelex Xobeh.
  1594 | D:3      | Noticed Dabor's ghost (amateur GrFi)
  1597 | D:3      | You fall into a shaft and drop 3 floors!
  1597 | D:6      | Noticed a steam dragon
  1601 | D:6      | HP: 1/30 [steam dragon/ball of steam (12)]
  1602 | D:6      | Engulfed by a steam dragon's steam

Illustrated notes

Levels and vault maps discovered:
D:1:      lightli_arrival_statue_moat, layout_rooms
D:2:      layout_basic, minmay_misc_feat_plants, hangedman_decor_lopped
D:3:      layout_rooms, lemuel_doored_altar, amcnicky_altar_gilded,
          gammafunk_ghost_arena
D:6:      layout_basic, corexii_corridor_pit, uniq_eustachio, uniq_grinder,
          uniq_sigmund

Skill      XL: |  1  2 |
---------------+-------+-----
Staves         | 4 |  4.8
Polearms       | 4 |  4.2
Armour         | 1 |  1.6
Fighting       | |  2.9
Throwing       | |  1.0
Dodging        | |  1.1

Action                   || total
-------------------------++-------
Melee: Quarterstaff      ||    82
       Headbutt          ||    10
Armor: Leather armour    ||    18
Dodge: Dodged            ||    51

Table legend: (Time is in decaauts)
 A = Elapsed time spent in this place.
 B = Non-inter-level travel time spent in this place.
 C = Inter-level travel time spent in this place.
 D = Time resting spent in this place.
 E = Time spent auto-exploring this place.
 F = Levels seen in this place.
 G = Mean time per level.
                   A        B        C        D        E       F      G
               +--------+--------+--------+--------+--------+-----+--------+
         Total |   1604 |   1559 |     45 |    528 |    793 |   4 |  401.0 |
       Dungeon |   1604 |   1559 |     45 |    528 |    793 |   4 |  401.0 |
               +--------+--------+--------+--------+--------+-----+--------+

Top non-repeatable levels by time:
     D:2: 839 daAuts
     D:1: 627 daAuts
     D:3: 133 daAuts
     D:6: 4 daAuts
